 Dungeon Crawl Stone Soup version 0.29-a0-982-gaed3a0c8d8 (webtiles) character file.

Game seed: 18121003008223838916

79433 vurker the Marksant (level 16, 0/127 (131) HPs)
             Began as a Formicid Hunter on Aug 1, 2022.
             Was an Initiate of Gozag.
             Shot with an arrow by a deep elf archer (8 damage)
             ... on level 14 of the Dungeon.
             The game lasted 00:49:58 (23947 turns).

vurker the Marksant (Formicid Hunter)              Turns: 23947, Time: 00:49:58

HP:   0/127 (131)   AC: 22    Str: 24    XL:     16   Next: 11%
MP:   16/16         EV:  9    Int:  7    God:    Gozag
Gold: 675           SH: 21    Dex: 20    Spells: 15/15 levels left

rFire   . . .      SeeInvis +   a - +8 longbow "Zephyr" {speed, Dex+3 SInv}
rCold   + + .      Faith    +   r - +1 tower shield
rNeg    . . .      Spirit   .   L - +0 plate armour {rPois}
rPois   +          Reflect  .   (helmet unavailable)
rElec   .          Harm     .   g - +0 cloak
rCorr   .          Rampage  .   k - +2 pair of gloves
Will    +....                   z - +0 pair of boots
Stlth   ..........              C - amulet of Wonder {Faith Regen+ Stlth+}
HPRegen 1.11/turn               x - ring of protection from cold
MPRegen 0.15/turn               G - ring of protection from cold

@: gold aura, studying Evocations, lightly drained
A: permanent stasis, dig shafts and tunnels, antennae 3, four strong arms, dopey
1
a: Dig, Shaft Self, Renounce Religion, Potion Petition, Call Merchant, Bribe
Branch


You were on level 14 of the Dungeon.
You worshipped Gozag.
Gozag was pleased with you.
You visited 4 branches of the dungeon, and saw 22 of its levels.
You also visited: Sewer and Ice Cave.

You collected 5911 gold pieces.
You spent 2542 gold pieces at shops.
You paid 2694 gold pieces to Gozag.

Inventory:

Hand Weapons
 a - the +8 longbow "Zephyr" (weapon) {speed, Dex+3 SInv}
   (You bought it in a shop on level 3 of the Dungeon)

   Attacks with this weapon are significantly faster.
   Dex:       It affects your dexterity (+3).
   SInv:      It lets you see invisible.
Armour
 g - a +0 cloak (worn)
   (You took it off Crazy Yiuf on level 4 of the Dungeon)
 k - a +2 pair of gloves (worn)
   (You found it on level 1 of the Dungeon)
 r - a +1 tower shield (worn)
   (You bought it in a shop on level 1 of the Dungeon)
 z - a +0 pair of boots (worn)
   (You found it on level 10 of the Dungeon)
 L - a +0 plate armour of poison resistance (worn)
   (You found it on level 5 of the Lair of Beasts)
Jewellery
 i - a ring of fire
   (You found it on level 5 of the Dungeon)
 w - a +4 ring of slaying
   (You found it on level 9 of the Dungeon)
 x - a ring of protection from cold (left hand)
   (You found it on level 6 of the Dungeon)
 y - the ring of Equivalence {rCorr Int+3 SInv}
   (You found it on level 6 of the Dungeon)

   [ring of resist corrosion]

   Int:       It affects your intelligence (+3).
   SInv:      It lets you see invisible.
   rCorr:     It protects you from acid and corrosion.
 C - the amulet of Wonder (around neck) {Faith Regen+ Stlth+}
   (You found it on level 10 of the Dungeon)

   [amulet of faith]

   It allows you to gain divine favour quickly.
   Regen:     It increases your rate of health regeneration.
   Stlth:     It makes you more stealthy.
 D - a ring of protection from fire
   (You found it in an ice cave)
 E - the ring of Maunas {Fly rF+ Will+ AC+4}
   (You bought it in a shop on level 2 of the Orcish Mines)

   [ring of protection]

   AC:        It affects your AC (+4).
   rF:        It protects you from fire.
   Fly:       It grants you flight.
   Will:      It increases your willpower.
 F - the ring "Pagekide" {AC+4 Int+3 Stlth+}
   (You bought it in a shop on level 2 of the Orcish Mines)

   [ring of protection]

   AC:        It affects your AC (+4).
   Int:       It affects your intelligence (+3).
   Stlth:     It makes you more stealthy.
 G - a ring of protection from cold (right hand)
   (You found it on level 5 of the Lair of Beasts)
 K - the amulet of the Wild Haggis {Acrobat rElec}
   (You found it on level 4 of the Lair of Beasts)

   [amulet of the acrobat]

   It increases your evasion while moving and waiting.
   rElec:     It insulates you from electricity.
Wands
 b - a wand of mindburst (4)
   (You found it on level 12 of the Dungeon)
 d - a wand of iceblast (10)
   (You found it on level 9 of the Dungeon)
 j - a wand of charming (15)
   (You found it on level 3 of the Dungeon)
 s - a wand of polymorph (10)
   (You found it on level 3 of the Lair of Beasts)
 t - a wand of flame (21)
   (You found it on level 5 of the Lair of Beasts)
 v - a wand of digging (7)
   (You found it on level 13 of the Dungeon)
Scrolls
 e - 7 scrolls of vulnerability
 h - 3 scrolls of fear
 l - 6 scrolls of enchant armour
 m - 5 scrolls of silence
 n - 2 scrolls of butterflies
 H - 9 scrolls of identify
 J - a scroll of enchant weapon
 N - 4 scrolls of magic mapping
Potions
 c - 2 potions of mutation
 f - 3 potions of flight
 o - 10 potions of curing
 p - 4 potions of ambrosia
 q - 8 potions of brilliance
 u - a potion of cancellation {unknown}
 A - 2 potions of invisibility
 B - 4 potions of might
 M - a potion of magic


   Skills:
 + Level 13.5 Fighting
 * Level 17.5 Ranged Weapons
 + Level 13.3 Armour
 - Level 5.0 Dodging
 - Level 1.2 Stealth
 + Level 15.5 Shields


You had 15 spell levels left.
You didn't know any spells.
Your spell library contained the following spells:

 Spells                   Type           Power      Damage    Failure   Level
 Apportation              Tloc           0%         N/A       100%        1
 Foxfire                  Conj/Fire      0%         2x1d4     100%        1
 Freeze                   Ice            0%         1d3       100%        1
 Magic Dart               Conj           0%         1d3       100%        1
 Shock                    Conj/Air       0%         1d3       100%        1
 Call Imp                 Summ           0%         N/A       100%        2
 Poisonous Vapours        Pois/Air       0%         N/A       100%        2
 Static Discharge         Conj/Air       0%         3-3/arc   100%        2
 Conjure Flame            Conj/Fire      0%         6-21      100%        3
 Frozen Ramparts          Ice            0%         1d8       100%        3
 Gell's Gravitas          Tloc           0%         N/A       100%        3
 Ignite Poison            Fire/Tmut/Pois 0%         N/A       100%        3
 Inner Flame              Hex/Fire       0%         N/A       100%        3
 Lesser Beckoning         Tloc           0%         N/A       100%        3
 Mephitic Cloud           Conj/Pois/Air  0%         N/A       100%        3
 Ozocubu's Armour         Ice            0%         N/A       100%        3
 Portal Projectile        Hex/Tloc       0%         N/A       100%        3
 Teleport Other           Tloc           0%         N/A       100%        3
 Tukima's Dance           Hex            0%         N/A       100%        3
 Airstrike                Air            0%         0-1+      100%        4
 Cause Fear               Hex            0%         N/A       100%        4
 Dispel Undead            Necr           0%         3d6       100%        4
 Flame Wave               Conj/Fire      0%         2d4       100%        4
 Hailstorm                Conj/Ice       0%         3d3       100%        4
 Leda's Liquefaction      Hex/Erth       0%         N/A       100%        4
 Sticky Flame             Conj/Fire      0%         2d3       100%        4
 Alistair's Intoxication  Tmut/Pois      0%         N/A       100%        5
 Blade Hands              Tmut           0%         N/A       100%        5
 Iskenderun's Battlesphe  Conj           0%         2d6       100%        5
 Lee's Rapid Deconstruct  Erth           0%         3d5*      100%        5
 Iron Shot                Conj/Erth      0%         9d1       100%        6
 Statue Form              Tmut/Erth      0%         N/A       100%        6
 Ozocubu's Refrigeration  Ice            0%         4d7       100%        7
 Spellforged Servitor     Conj/Summ      0%         N/A       100%        7
 Discord                  Hex            0%         N/A       100%        8
 Swiftness                Air            Unusable   N/A       N/A         3
 Corpse Rot               Necr/Pois/Air  Unusable   N/A       N/A         4

Dungeon Overview and Level Annotations

Branches:
Dungeon (14/15)            Temple (1/1) D:6            Lair (5/5) D:8
 Shoals (0/4) Lair:3       Spider (0/4) Lair:3        Slime (0/5) Lair:4
    Orc (2/2) D:12            Elf (0/3) Orc:2         Sewer (visited)
  IceCv (visited)
 Vaults: D:13-14

Altars:
Ashenzari
Cheibriados
Dithmenos
Elyvilon
Fedhas
Gozag
Hepliaklqana
Kikubaaqudgha
Makhleb
Nemelex Xobeh
Okawaru
Qazlal
Ru
Sif Muna
Trog
Uskayaw
Vehumet
Wu Jian
Xom
Yredelemnul
Zin
The Shining One
Jiyva

Shops:
D:1 *   D:3 (   D:12 **   Orc:2 ==*[*(=

Annotations:
D:4 2 transporters, eyesofgods1's ghost, amateur OgGl


Innate Abilities, Weirdness & Mutations

You cannot be hasted, slowed, berserked, paralysed or teleported.
You can dig through walls and to a lower floor.
You have a pair of large antennae on your head. (SInv)
Your four strong arms can wield two-handed weapons with a shield.
You are dopey. (Int -2)


Message History

You shoot an arrow.
The arrow barely misses the deep elf archer.
The deep elf archer shouts!
Fire: a) +8 longbow "Zephyr" {speed, Dex+3 SInv}
Aim: a deep elf archer, wielding a +0 longbow and wearing a +0 leather armour (lightly wounded, repelling missiles, 36% to hit)
You shoot an arrow. The arrow hits the deep elf archer!
The deep elf archer is no longer distracted by gold.
The deep elf archer shoots an arrow.
The arrow hits you!!
* * * LOW HITPOINT WARNING * * *
Fire: a) +8 longbow "Zephyr" {speed, Dex+3 SInv}
Aim: a deep elf archer, wielding a +0 longbow and wearing a +0 leather armour (heavily wounded, repelling missiles, 36% to hit)
You shoot an arrow.
The arrow closely misses the deep elf archer.
The deep elf archer shoots an arrow.
The arrow hits you!
* * * LOW HITPOINT WARNING * * *
Fire: a) +8 longbow "Zephyr" {speed, Dex+3 SInv}
Aim: a deep elf archer, wielding a +0 longbow and wearing a +0 leather armour (heavily wounded, repelling missiles, 36% to hit)
You shoot an arrow.
The arrow hits the deep elf archer but does no damage.
You carefully extract the barbed spikes from your body.
The deep elf archer is distracted by your dazzling golden aura.
Fire: a) +8 longbow "Zephyr" {speed, Dex+3 SInv}
Aim: a deep elf archer, wielding a +0 longbow and wearing a +0 leather armour (heavily wounded, repelling missiles, unaware, hasn't noticed you, 36% to hit)
You shoot an arrow. The arrow misses the deep elf archer.
The deep elf archer is no longer distracted by gold.
The deep elf archer shoots an arrow.
You block the arrow.
Fire: a) +8 longbow "Zephyr" {speed, Dex+3 SInv}
Aim: a deep elf archer, wielding a +0 longbow and wearing a +0 leather armour (heavily wounded, repelling missiles, 36% to hit)
You shoot an arrow. The arrow misses the deep elf archer.
Fire: a) +8 longbow "Zephyr" {speed, Dex+3 SInv}
Aim: a deep elf archer, wielding a +0 longbow and wearing a +0 leather armour (heavily wounded, repelling missiles, 36% to hit)
You shoot an arrow.
The arrow closely misses the deep elf archer.
The deep elf archer shoots an arrow.
The arrow barely misses you.
Fire: a) +8 longbow "Zephyr" {speed, Dex+3 SInv}
Aim: a deep elf archer, wielding a +0 longbow and wearing a +0 leather armour (moderately wounded, repelling missiles, 36% to hit)
You shoot an arrow.
The arrow closely misses the deep elf archer.
The deep elf archer shoots an arrow.
You block the arrow.
Fire: a) +8 longbow "Zephyr" {speed, Dex+3 SInv}
Aim: a deep elf archer, wielding a +0 longbow and wearing a +0 leather armour (moderately wounded, repelling missiles, 36% to hit)
You shoot an arrow. The arrow hits the deep elf archer!
The deep elf archer shoots an arrow.
The arrow hits you!
* * * LOW HITPOINT WARNING * * *
Fire: a) +8 longbow "Zephyr" {speed, Dex+3 SInv}
Aim: a deep elf archer, wielding a +0 longbow and wearing a +0 leather armour (heavily wounded, repelling missiles, 36% to hit)
You shoot an arrow. The arrow hits the deep elf archer.
The deep elf archer shoots an arrow.
The arrow hits you!
You die...
Your body crumbles into a pile of gold.

.....# $ .....+ .....#
############ .....# $
#..........# .....#
###....e.....## .....#
#..............
.....#####..............
...........#####.#######
#########..# #@# #..#
#$# #..# #.# #..# #.#
#..# #.# ...# #.. $ ...#
#.. .... ...


You could see a deep elf archer (repels missiles).

Vanquished Creatures
  3 orc warlords
  A reaper (IceCv)
  Nessos (Lair:4)
  Josephine (D:13)
  2 hydras
  3 boulder beetles
  An ice dragon (Lair:5)
  4 two-headed ogres
  A merfolk avatar (Lair:5)
  2 catoblepae
  10 death yaks
  5 orc high priests
  Urug (Lair:1)
  Nergalle (Lair:1)
  A fire crab (Lair:2)
  A sea snake (Lair:5)
  A deep elf pyromancer (D:11)
  2 wolf spiders (Lair:3)
  3 oklob plants (Lair:4)
  5 orc knights
  4 orc sorcerers (Orc:2)
  4 cyclopes
  A manticore (D:14)
  A manticore (shapeshifter) (D:14)
  6 ugly things
  2 ice statues (IceCv)
  A torpor snail (Lair:2)
  2 black mambas
  20 cane toads
  2 unseen horrors
  An anaconda simulacrum (IceCv)
  A kobold demonologist (D:10)
  11 komodo dragons
  A yaktaur (D:11)
  An efreet (D:14)
  2 rime drakes
  7 ice devils (IceCv)
  6 trolls
  3 polar bears
  4 hornets
  4 wind drakes (Lair:5)
  16 blink frogs
  9 dream sheep
  A snapping turtle (Lair:3)
  A culicivora (Lair:3)
  A shadow (D:11)
  A jumping spider (Lair:3)
  7 wraiths
  A dire elephant simulacrum (IceCv)
  A vampire (D:11)
  2 wyverns
  4 basilisks
  29 yaks
  10 vampire mosquitoes
  2 redbacks (Lair:3)
  4 steam dragons
  Grum (D:10)
  3 wargs
  3 harpy simulacra
  A death yak simulacrum (D:13)
  A warg (shapeshifter) (D:13)
  Edmund (D:5)
  5 acid dragons
  6 water moccasins
  Pargi (Sewer)
  52 orc warriors
  2 black bears
  13 ogres
  10 wolves
  7 centaurs
  3 kobold brigands
  13 bullfrogs
  2 gnoll sergeants
  A necrophage (D:8)
  6 scorpions
  3 cane toad simulacra
  4 two-headed ogre simulacra
  7 wights
  5 killer bees (D:9)
  An elephant simulacrum (D:13)
  A vampire bat (D:3)
  2 howler monkeys
  3 hounds
  A gnoll bouda (D:4)
  25 orc priests
  Crazy Yiuf (D:4)
  6 jellies
  3 iguanas
  27 orc wizards
  3 polar bear simulacra (IceCv)
  4 troll simulacra (IceCv)
  A spriggan simulacrum (D:13)
  3 wolf simulacra
  14 gnolls
  3 adders
  2 naga simulacra
  A river rat (D:6)
  A shadow imp (D:4)
  5 white imps
  3 ufetubi
  2 worms
  4 dart slugs
  3 fire bats (D:3)
  83 orcs
  A spectral bat (D:3)
  3 bat skeletons (D:3)
  14 endoplasms
  4 giant cockroaches
  6 goblins
  8 hobgoblins
  11 jackals
  15 kobolds
  7 quokkas
  9 ball pythons
  19 bats
  A bat simulacrum (D:3)
  4 frilled lizards
  9 rats
685 creatures vanquished.

Vanquished Creatures (collateral kills)
  A wyvern (D:9)
1 creature vanquished.

Vanquished Creatures (others)
  An orc wizard (D:9)
  A spectral bat (D:3)
  A bat zombie (D:3)
  32 fungi
  51 plants
  4 toadstools (D:1)
90 creatures vanquished.

Grand Total: 776 creatures vanquished

Notes
Turn   | Place    | Note
-------+----------+-------------------------------------------
     0 | D:1      | vurker the Formicid Hunter began the quest for the Orb.
     0 | D:1      | Reached XP level 1. HP: 16/16 MP: 1/1
   143 | D:1      | Reached XP level 2. HP: 23/23 MP: 2/2
   220 | D:1      | Found Wepruele's General Store.
   485 | D:1      | Reached XP level 3. HP: 28/28 MP: 3/3
   999 | D:1      | Reached XP level 4. HP: 33/35 MP: 4/4
  1439 | D:2      | Found a radiant altar of Vehumet.
  1626 | D:2      | Reached skill level 1 in Armour
  1793 | D:2      | Reached skill level 5 in Ranged Weapons
  1844 | D:1      | Bought a +0 tower shield for 49 gold pieces
  2239 | D:3      | Reached XP level 5. HP: 37/41 MP: 5/5
  2402 | D:3      | Reached skill level 1 in Shields
  2625 | D:3      | Found an iron altar of Okawaru.
  2792 | D:3      | Found Jiclets's Weapon Shop.
  2893 | D:3      | Found a blossoming altar of Fedhas.
  3021 | D:3      | Reached XP level 6. HP: 47/47 MP: 6/6
  3524 | D:4      | Reached XP level 7. HP: 46/53 MP: 7/7
  3713 | D:4      | Reached skill level 6 in Ranged Weapons
  3987 | D:4      | Found a transporter.
  3988 | D:4      | Found a transporter.
  3988 | D:4      | Noticed eyesofgods1's ghost (amateur OgGl)
  3991 | D:4      | Identified the +6 giant club of the Fool {venom, Fly}
  4164 | D:4      | Found a runed translucent door.
  4165 | D:4      | Noticed Crazy Yiuf
  4462 | D:4      | Found a glowing silver altar of Zin.
  4463 | D:4      | Noticed an angel
  4663 | D:5      | Entered Level 5 of the Dungeon
  4852 | D:4      | Reached XP level 8. HP: 45/61 MP: 8/8
  5227 | D:5      | Reached skill level 7 in Ranged Weapons
  5326 | D:5      | Noticed Edmund
  5331 | D:5      | Killed Edmund
  5392 | D:5      | Reached skill level 5 in Fighting
  5739 | D:5      | Found a shimmering blue altar of Sif Muna.
  5833 | D:4      | Killed Crazy Yiuf
  5927 | D:6      | Found a staircase to the Ecumenical Temple.
  6027 | D:6      | Found a glowing drain.
  6033 | Sewer    | Entered a sewer
  6067 | Sewer    | Noticed Pargi
  6083 | Sewer    | Killed Pargi
  6084 | Sewer    | Reached skill level 5 in Shields
  6084 | Sewer    | Reached XP level 9. HP: 62/68 MP: 9/9
  6259 | Temple   | Entered the Ecumenical Temple
  6293 | Temple   | Became a worshipper of Gozag Ym Sagoz the Greedy
  7030 | D:6      | Reached skill level 8 in Ranged Weapons
  7440 | D:6      | Identified the ring of Equivalence {rCorr Int+3 SInv}
  7639 | D:7      | Reached skill level 5 in Armour
  7940 | D:7      | Found a shadowy altar of Dithmenos.
  8630 | D:8      | Found a staircase to the Lair.
  8944 | D:8      | Reached XP level 10. HP: 63/76 MP: 10/10
  8948 | D:8      | Reached skill level 5 in Dodging
  8949 | D:8      | Reached skill level 9 in Ranged Weapons
  9134 | D:8      | Noticed a two-headed ogre
  9233 | D:8      | Killed a two-headed ogre
  9973 | D:9      | Found a stormy altar of Qazlal.
  9991 | D:9      | Reached skill level 10 in Ranged Weapons
  9998 | D:9      | Identified the +1 chain mail of the Supporting Gods {Int+3}
 10528 | D:9      | Noticed a two-headed ogre
 10572 | D:9      | Killed a two-headed ogre
 10573 | D:9      | Reached XP level 11. HP: 64/84 MP: 11/11
 11144 | D:3      | Bought the +8 longbow "Zephyr" {speed, Dex+3 SInv} for 847
                  | gold pieces
 11144 | D:3      | Found the +8 longbow "Zephyr" {speed, Dex+3 SInv}
 11492 | D:9      | Found a basalt altar of Yredelemnul.
 11685 | D:10     | Entered Level 10 of the Dungeon
 11787 | D:10     | Identified the amulet of Wonder {Faith Regen+ Stlth+}
 11947 | D:10     | Noticed a two-headed ogre
 11955 | D:10     | Killed a two-headed ogre
 11956 | D:10     | Reached skill level 11 in Ranged Weapons
 12086 | D:10     | Noticed Grum
 12096 | D:10     | Killed Grum
 12263 | D:10     | Identified the +2 robe of the Powerful God {rPois rF+ rN+
                  | Int-5}
 12380 | D:10     | Identified the +5 glaive of Ancient Evil {flame, rN+++
                  | Str-4 Int-2 Dex+8}
 12874 | D:11     | Noticed a deep elf pyromancer
 12876 | D:11     | Killed a deep elf pyromancer
 12948 | D:11     | Noticed a two-headed ogre
 12954 | D:11     | Killed a two-headed ogre
 12955 | D:11     | Reached skill level 12 in Ranged Weapons
 12955 | D:11     | Reached XP level 12. HP: 87/94 MP: 12/12
 12994 | D:11     | Reached skill level 10 in Shields
 13326 | Lair:1   | Entered Level 1 of the Lair of Beasts
 13485 | Lair:1   | Noticed a boulder beetle
 13506 | Lair:1   | Killed a boulder beetle
 13663 | Lair:1   | Found a hazy altar of Hepliaklqana.
 13943 | Lair:2   | Noticed a boulder beetle
 14134 | Lair:2   | Identified the +4 chain mail "Jaec" {*Corrode rElec Int+2}
 14318 | Lair:2   | Noticed Nergalle
 14322 | Lair:2   | Noticed Urug
 14354 | Lair:1   | You fall into a shaft and drop 1 floor!
 14357 | Lair:2   | You fall into a shaft and drop 1 floor!
 14675 | Lair:3   | Reached skill level 13 in Ranged Weapons
 14774 | Lair:1   | Reached skill level 10 in Fighting
 14788 | Lair:2   | Reached XP level 13. HP: 103/103 MP: 13/13
 14810 | Lair:2   | Killed a boulder beetle
 15020 | Lair:2   | Reached skill level 10 in Armour
 15064 | Lair:1   | Killed Urug
 15125 | Lair:1   | Killed Nergalle
 15191 | Lair:2   | Reached skill level 14 in Ranged Weapons
 15773 | Lair:3   | Found a hole to the Spider Nest.
 15817 | Lair:3   | Found a staircase to the Shoals.
 15969 | Lair:4   | Noticed Nessos
 15987 | Lair:4   | Killed Nessos
 16118 | Lair:4   | Found a staircase to the Slime Pits.
 16118 | Lair:4   | Found a viscous altar of Jiyva.
 16216 | Lair:3   | You fall into a shaft and drop 2 floors!
 16216 | Lair:5   | Entered Level 5 of the Lair of Beasts
 16539 | Lair:4   | Noticed a boulder beetle
 16552 | Lair:5   | Reached XP level 14. HP: 113/113 MP: 14/14
 16757 | Lair:4   | Reached skill level 15 in Ranged Weapons
 17538 | Lair:4   | Identified the +8 falchion of Slime {flame, Fragile Str+2
                  | Dex+4}
 17541 | Lair:4   | Identified the amulet of the Wild Haggis {Acrobat rElec}
 18397 | Lair:5   | Reached skill level 16 in Ranged Weapons
 18759 | D:12     | Found Mybiz's Overcharged Wands.
 19015 | D:12     | Found a staircase to the Orcish Mines.
 19038 | D:12     | Found Eled's General Store.
 19239 | D:12     | Reached XP level 15. HP: 122/122 MP: 15/15
 19531 | Orc:1    | Entered Level 1 of the Orcish Mines
 19531 | Orc:1    | Noticed an orc warlord
 19581 | D:12     | Killed an orc warlord
 19894 | Orc:2    | Entered Level 2 of the Orcish Mines
 20044 | Orc:2    | Found a staircase to the Elven Halls.
 20401 | Orc:2    | Noticed an orc warlord
 20464 | Orc:2    | Killed an orc warlord
 20585 | Orc:2    | Gained mutation: You are dopey. (Int -2) [a neqoxec]
 21019 | Orc:2    | Found Heqatsik's General Store.
 21020 | Orc:2    | Found Xobbiv's Jewellery Shop.
 21023 | Orc:2    | Found Pagg's Antique Armour Boutique.
 21023 | Orc:2    | Found Jiw Jusch's Antique Weapon Boutique.
 21515 | Orc:1    | Noticed an orc warlord
 21628 | Orc:1    | Killed an orc warlord
 21637 | Orc:1    | Reached skill level 17 in Ranged Weapons
 21643 | Orc:1    | You fall into a shaft and drop 1 floor!
 21757 | Orc:2    | Reached skill level 15 in Shields
 22155 | Orc:2    | Bought the ring of Maunas {Fly rF+ Will+ AC+4} for 865 gold
                  | pieces
 22155 | Orc:2    | Bought the ring "Pagekide" {AC+4 Int+3 Stlth+} for 781 gold
                  | pieces
 22349 | D:13     | Found a frozen archway.
 22377 | IceCv    | Entered an ice cave
 22775 | IceCv    | Noticed a reaper
 22791 | IceCv    | Killed a reaper
 23483 | D:13     | Noticed Josephine
 23492 | D:13     | Killed Josephine
 23565 | D:13     | Reached XP level 16. HP: 118/119 MP: 16/16
 23947 | D:14     | Shot with an arrow by a deep elf archer

Illustrated notes

Levels and vault maps discovered:
D:1:      ldierk_walled_garden_2, layout_loops_corners, serial_shops,
          nicolae_shop_hallway_plus, minmay_hexomino_u4
D:2:      layout_basic, basic_altar
D:3:      layout_loops_cross, lemuel_tele_altar, nicolae_overflow_hidden_temple,
          serial_shops, nicolae_shop_bloodbath_and_beyond,
          serial_park_tiny_pond, chequers_serial_rivers_large_b, goddamned_bats
D:4:      layout_basic, zin_angel, gammafunk_ghost_smash,
          minmay_manual_mandibuliform, uniq_crazy_yiuf_cottage
D:5:      layout_cave_pools, mainiacjoe_overflow_surrounded_room, uniq_edmund
D:6:      layout_basic, temple_statues, gup_sewer_entry_spiral,
          hangedman_abyss_or_decor_slice, feat_on_display
D:7:      layout_cave_pools, mainiacjoe_overflow_chevrons
D:8:      layout_basic, dpeg_oklobed_lair, hangedman_decor_growths, wad_dig_loot
D:9:      minmay_recursive_quarters, layout_loops_ring, lemuel_round_altar,
          nicolae_qazlal_scattered_showers
D:10:     layout_gridville, hex_medium, uniq_grum
D:11:     layout_cave_pools
D:12:     layout_gridville, orc_0_dummy, serial_shops, nicolae_square_shop,
          nicolae_shop_overcharged_wands
D:13:     layout_irregular_city, portal_ice_cave_entry_ice_simulacra,
          lightli_minifort, uniq_josephine
D:14:     layout_irregular_city, david_vaults_5, tso_metal_star, uniq_azrael
Temple:   hellmonk_temple_of_storms
Lair:1:   layout_misc_corridors, basic_altar, lemuel_fruit_fields
Lair:2:   nzn_winding_woodlands_stair_cross [nzn_winding_woodlands_5x15_parted,
          nzn_winding_woodlands_center_garden,
          nzn_winding_woodlands_5x15_default, nzn_winding_woodlands_5x5_cross,
          nzn_winding_woodlands_5x5_open_star,
          nzn_winding_woodlands_5x15_zeroes,
          nzn_winding_woodlands_center_diamonds,
          nzn_winding_woodlands_5x15_concentric], layout_small_grid, uniq_urug,
          uniq_nergalle
Lair:3:   layout_cave_shapes, minmay_shoals_entry_hut,
          spider_nest_entry_funnel_web, nicolae_lair_run_with_the_wolves,
          infiniplex_staircase_pool, serial_bayou_shore_b
Lair:4:   dpeg_oklob_gauntlet, layout_hall_layers, minmay_slime_entry_pillars,
          infiniplex_staircase_pool_2, uniq_nessos
Lair:5:   gammafunk_lair_ancient_temple, layout_concentric_octagons,
          chequers_serial_rivers_marsh, bobbens_ice_dragon_lair
Orc:1:    layout_caves, basic_altar
Orc:2:    st_orc_congregation, layout_caves

Skill      XL: |  1  2  3  4  5  6  7  8  9 10 11 12 13 14 15 |
---------------+----------------------------------------------+-----
Fighting       | 3 4 5 6 7 8 10 11 12 13 | 13.5
Dodging        | 2 3 4 5 |  5.0
Armour         | 1 2 3 4 5 7 8 9 11 12 13 | 13.3
Ranged Weapons | 5 6 7 8 10 12 13 14 16 17 | 17.5
Shields        | 1 2 3 5 6 8 9 11 12 14 15 | 15.5
Stealth        | |  1.2

Action                   |  1- 3 |  4- 6 |  7- 9 | 10-12 | 13-15 | 16-18 || total
-------------------------+-------+-------+-------+-------+-------+-------++-------
Melee: Dagger            |       |     8 |   109 |    62 |       |       ||   179
 Fire: Shortbow          |   103 |   238 |   333 |   123 |       |       ||   797
       Longbow           |       |       |       |   313 |  1428 |    68 ||  1809
Invok: Call Merchant     |       |       |       |       |     3 |       ||     3
 Abil: Dig               |       |       |     2 |     6 |     9 |       ||    17
       Shaft Self        |       |       |       |     2 |     3 |       ||     5
Evoke: Wand              |       |       |    10 |     5 |       |       ||    15
  Use: Scroll            |       |       |    17 |     3 |     6 |       ||    26
       Potion            |       |       |       |     1 |     3 |       ||     4
 Stab: Distracted        |       |       |     2 |     3 |       |       ||     5
Armor: Leather armour    |     2 |       |       |       |       |       ||     2
       Ring mail         |    16 |       |    73 |    64 |     1 |       ||   154
       Scale mail        |    17 |    42 |       |       |       |       ||    59
       Plate armour      |       |   152 |   103 |       |    45 |    12 ||   312
       Chain mail        |       |       |       |       |   131 |       ||   131
Dodge: Dodged            |    38 |    55 |   112 |    94 |   107 |     1 ||   407
Block: Tower shield      |       |   157 |   373 |   267 |   592 |    22 ||  1411

Table legend: (Time is in decaauts)
 A = Elapsed time spent in this place.
 B = Non-inter-level travel time spent in this place.
 C = Inter-level travel time spent in this place.
 D = Time resting spent in this place.
 E = Time spent auto-exploring this place.
 F = Levels seen in this place.
 G = Mean time per level.
                   A        B        C        D        E       F      G
               +--------+--------+--------+--------+--------+-----+--------+
         Total |  24700 |  22819 |   1881 |   1039 |  15322 |  24 | 1029.2 |
       Dungeon |  15889 |  14557 |   1332 |    541 |  10507 |  14 | 1134.9 |
        Temple |     43 |     35 |      8 |      0 |     15 |   1 |   43.0 |
          Lair |   5363 |   5147 |    216 |    383 |   3099 |   5 | 1072.6 |
  Orcish Mines |   2611 |   2288 |    323 |     68 |   1340 |   2 | 1305.5 |
         Sewer |    132 |    132 |      0 |      0 |     60 |   1 |  132.0 |
      Ice Cave |    659 |    659 |      0 |     47 |    301 |   1 |  659.0 |
               +--------+--------+--------+--------+--------+-----+--------+

Top non-repeatable levels by time:
   Orc:2: 1999 daAuts
     D:4: 1849 daAuts
     D:8: 1585 daAuts
     D:9: 1534 daAuts
     D:1: 1510 daAuts
     D:3: 1493 daAuts
     D:6: 1492 daAuts
  Lair:5: 1375 daAuts
  Lair:2: 1185 daAuts
     D:5: 1178 daAuts
    D:10: 1054 daAuts
  Lair:3: 1032 daAuts
  Lair:4: 1021 daAuts
     D:7: 978 daAuts
    D:12: 970 daAuts
